 Dungeon Crawl Stone Soup version 0.24.0-2-g5b39cebb1c (webtiles) character file.

Game seed: 11573976992485858382, levelgen mode: deterministic

699 Aviak the Skirmisher (level 7, 0/61 HPs)
             Began as a Hill Orc Assassin on Oct 31, 2019.
             Slain by an orc
             ... wielding a +0 trident
              (3 damage)
             ... on level 5 of the Dungeon.
             The game lasted 00:08:32 (6160 turns).

Aviak the Skirmisher (Hill Orc Assassin)            Turns: 6160, Time: 00:08:32

Health: 0/61       AC:  5    Str: 16      XL:     7   Next: 65%
Magic:  7/7        EV: 10    Int: 11      God:
Gold:   188        SH:  9    Dex: 11 (12) Spells: 6/6 levels left

rFire    . . .     SeeInvis .   j - +0 hand axe
rCold    . . .     Gourm    .   o - +0 shield
rNeg     . . .     Faith    .   t - +0 leather armour
rPois    .         Spirit   .   n - +0 helmet
rElec    .         Reflect  .   c - +0 cloak
rCorr    .         Harm     .   (no gloves)
MR       .....                  (no boots)
Stlth    ++........             (no amulet)
HPRegen  0.20/turn              p - ring of flight
MPRegen  0.10/turn              (no ring)

@: lethally poisoned (0 -> -1), hasted, very quick
A: no striking features
a: Evoke Flight


You were on level 5 of the Dungeon.
You were hungry.

You visited 1 branch of the dungeon, and saw 5 of its levels.

You collected 188 gold pieces.

Inventory:

Hand Weapons
 a - a +2 dagger
 j - a +0 hand axe (weapon)
Missiles
 d - 8 poisoned darts (quivered)
 e - 2 curare-tipped darts
Armour
 b - a +0 robe
 c - a +0 cloak (worn)
 n - a +0 helmet (worn)
 o - a +0 shield (worn)
 t - a +0 leather armour (worn)
 u - a +0 large shield
Jewellery
 p - a ring of flight (left hand)
 v - a +4 ring of intelligence
Scrolls
 g - 3 scrolls of teleportation {unknown}
 i - 2 scrolls of identify
 r - 2 scrolls of remove curse {unknown}
Potions
 h - 2 potions of flight
 s - a potion of degeneration {!q!q}
Comestibles
 k - 4 rations


   Skills:
 + Level 5.5 Fighting
 - Level 2.0 Short Blades
 + Level 5.2 Axes
 - Level 1.7 Throwing
 + Level 3.4 Dodging
 - Level 3.2 Stealth
 + Level 3.7 Shields


You had 6 spell levels left.
You didn't know any spells.
Your spell library contained the following spells:

 Spells                   Type           Power        Failure   Level  Hunger
 Beastly Appendage        Tmut           #.....       88%         1    ##.....
 Sticks to Snakes         Tmut           #.......     96%         2    ###....
 Spider Form              Tmut/Pois      #.........   99%         3    ####...
 Ice Form                 Ice/Tmut       #.......     100%        4    #####..
 Blade Hands              Tmut           #.........   100%        5    ######.


Dungeon Overview and Level Annotations

Branches:
Dungeon (5/15)
 Temple: D:4-7

Altars:
Cheibriados
Gozag
Hepliaklqana
Nemelex Xobeh
Uskayaw
Xom
Yredelemnul
The Shining One


Message History

The orc hits you from afar with a +0 trident.
* * * LOW HITPOINT WARNING * * *
You feel sick. You block the orc's attack.
You feel less wooden.
Your +0 cloak unmelds from your body.
Your +0 helmet unmelds from your body.
Your +0 leather armour unmelds from your body.
The orc hits you but does no damage. The orc barely misses you.
You see here a +0 flail.
You barely miss the orc.
You feel sick. The orc hits you with a +0 trident.
* * * LOW HITPOINT WARNING * * *
You hit the orc.
The orc is moderately wounded.
The orc hits you with a +0 trident.
* * * LOW HITPOINT WARNING * * *
Okay, then.
You aren't carrying any items that you can evoke.
Okay, then.
You feel yourself speed up. The orc hits you with a +0 trident.
You die...

####. .....
...## ....#
... ##.##
#######...##
#......o@))##
......?<#.).#
........##..#
........#
.....
.........
###....
.......## ...
###.... ..
#.##. . #. #.


You could see an orc.

Vanquished Creatures
  A phantom (D:4)
  An ogre (D:2)
  A jelly (D:3)
  A gnoll shaman (D:4)
  An iguana (D:4)
  3 worker ants
  A hound skeleton (D:4)
  11 gnolls
  13 adders
  2 worms
  2 dart slugs (D:3)
  3 leopard geckos
  10 orcs
  5 giant cockroaches
  10 goblins
  6 hobgoblins
  20 jackals
  5 kobolds
  4 quokkas
  8 bats
  3 frilled lizards
  3 rats
114 creatures vanquished.

Notes
Turn   | Place    | Note
-------+----------+-------------------------------------------
     0 | D:1      | Aviak the Hill Orc Assassin began the quest for the Orb.
     0 | D:1      | Reached XP level 1. HP: 18/18 MP: 1/1
   135 | D:1      | Reached skill level 1 in Dodging
   190 | D:1      | Reached XP level 2. HP: 23/25 MP: 2/2
   203 | D:1      | Reached skill level 1 in Axes
   692 | D:2      | Reached XP level 3. HP: 18/31 MP: 3/3
   974 | D:2      | Noticed an ogre
  1344 | D:2      | Reached XP level 4. HP: 34/38 MP: 4/4
  1768 | D:2      | Found a hide-covered altar of Uskayaw.
  2020 | D:2      | Killed an ogre
  2020 | D:2      | Reached skill level 1 in Shields
  2020 | D:2      | Reached XP level 5. HP: 46/46 MP: 5/5
  2679 | D:3      | Reached XP level 6. HP: 53/53 MP: 6/6
  2849 | D:3      | Found a snail-covered altar of Cheibriados.
  2875 | D:3      | Found a basalt altar of Yredelemnul.
  3259 | D:3      | Found a glowing golden altar of the Shining One.
  3442 | D:3      | Found an opulent altar of Gozag.
  4608 | D:4      | Found a sparkling altar of Nemelex Xobeh.
  4663 | D:4      | Noticed a phantom
  4746 | D:4      | Killed a phantom
  4746 | D:4      | Reached skill level 5 in Fighting
  4746 | D:4      | Reached XP level 7. HP: 25/61 MP: 7/7
  5666 | D:4      | Found a hazy altar of Hepliaklqana.
  5667 | D:4      | Found a shimmering altar of Xom.
  5668 | D:4      | Noticed a spectral ugly thing
  5732 | D:4      | Reached skill level 5 in Axes
  6115 | D:5      | Entered Level 5 of the Dungeon
  6159 | D:5      | HP: 2/61 [orc/+0 trident (6)]
  6160 | D:5      | Slain by an orc

Levels and vault maps discovered:
D:1:      dpeg_arrival_tiny_a, layout_basic
D:2:      layout_rooms, overflow_temple_1_default, first_ration
D:3:      layout_loops_corners, grunt_temple_overflow_holy_war,
          lemuel_crystal_altar, minivault_25, st_stairs_14, serial_bayou_pond_a,
          serial_bayou_pond_c, chequers_serial_rivers_micro_d,
          minmay_misc_feat_square, nicolae_gozag_cash_rules_everything_around_me
D:4:      lemuel_castle_with_subvaults [lemuel_castle_interior_carwin_1],
          layout_basic, regret_index_temple_of_mockery, nemelex_altar_shiori,
          st_stairs_10, minmay_misc_feat_alley
D:5:      minmay_spotlight, layout_cave_pools, lemuel_round_altar,
          minmay_temple_entry_trees, serial_shops, shop

Skill      XL: |  1  2  3  4  5  6  7 |
---------------+----------------------+-----
Dodging        | 1 2 3 |  3.4
Axes           | 1 2 3 4 5 |  5.2
Fighting       | 3 4 5 |  5.5
Shields        | 1 2 3 |  3.7
Short Blades   | |  2.0
Throwing       | |  1.7
Stealth        | |  3.2

Action                   |  1- 3 |  4- 6 |  7- 9 || total
-------------------------+-------+-------+-------++-------
Melee: Dagger            |    43 |       |       ||    43
       Hand axe          |    59 |   286 |   158 ||   503
  Use: Potion            |       |     6 |     3 ||     9
       Scroll            |       |       |     1 ||     1
 Stab: Sleeping          |     7 |     9 |     1 ||    17
  Eat: Ration            |     1 |     1 |       ||     2
       Chunk             |       |     6 |     4 ||    10
Armor: Robe              |    29 |    50 |       ||    79
       Leather armour    |       |    10 |    41 ||    51
       Skin              |       |       |    43 ||    43
Dodge: Dodged            |    60 |   128 |    68 ||   256
Block: Shield            |    26 |   118 |    96 ||   240
